 Dungeon Crawl Stone Soup version 0.31.0-11-ge490571c62 (webtiles) character file.

Game seed: 6469915640398256355

444 dorian the Cutter (level 7, -5/36 HPs)
             Began as a Vine Stalker Warper on Jan 26, 2024.
             Was an Elder of Uskayaw.
             Succumbed to Edmund's poison
             ... on level 3 of the Dungeon.
             The game lasted 00:04:24 (2466 turns).

dorian the Cutter (Vine Stalker Warper)             Turns: 2466, Time: 00:04:24

Health: -5/36      AC: 13    Str: 14    XL:     7   Next: 3%
Magic:  3/11       EV:  4    Int: 13    God:    Uskayaw [****..]
Gold:   134        SH:  0    Dex: 15    Spells: 8/10 levels left

rFire   . . .        n - +2 dagger (vamp)
rCold   . . .        (no shield)
rNeg    . . .        c - +1 plate armour "Kunuruud" {Slay+6}
rPois   .            (no helmet)
rElec   .            u - +0 cloak
rCorr   .            (no gloves)
SInv    .            (no boots)
Will    .....        (no amulet) Stlth
                     (no ring)
HPRegen 1.06/turn    (no ring)
MPRegen 0.12/turn

%: guardian spirit
@: lethally poisoned (-5 -> -20)
A: fangs 2, regeneration 1, magic shield, antimagic bite, no potion heal 2
a: Renounce Religion, Stomp, Line Pass


You were on level 3 of the Dungeon.
You worshipped Uskayaw.
Uskayaw was noncommittal.
You visited 1 branch of the dungeon, and saw 4 of its levels.

You collected 134 gold pieces.

Inventory:

Hand Weapons
 a - a +0 short sword of venom
 n - a +2 vampiric dagger (weapon)
Missiles
 d - 7 darts of dispersal (quivered)
Armour
 b - a +0 leather armour
 c - the +1 plate armour "Kunuruud" (worn) {Slay+6}
   (You acquired it on level 1 of the Dungeon)

   Slay+6:    It affects your accuracy & damage with ranged weapons and melee
   (+6).
 u - a +0 cloak (worn)
Jewellery
 l - a +6 ring of dexterity
Wands
 j - a wand of polymorph (10)
Scrolls
 m - a scroll of poison
 r - a scroll of silence {unknown}
 s - a scroll of enchant weapon {unknown}
 t - a scroll of teleportation
 z - a scroll of blinking
Potions
 e - a potion of brilliance {unknown}
 f - a potion of degeneration
 g - a potion of berserk rage {unknown}
 h - a potion of might {unknown}
 i - 2 potions of enlightenment {unknown}
 k - a potion of lignification {unknown}
 o - 2 potions of invisibility
 p - 3 potions of mutation
 q - a potion of resistance {unknown}
 w - 2 potions of heal wounds


   Skills:
 + Level 3.5 Fighting
 * Level 4.7 Short Blades
 - Level 0.8 Throwing
 + Level 2.8 Armour
 - Level 2.0 Dodging
 - Level 2.1 Spellcasting
 - Level 3.0 Translocations


You had 8 spell levels left.
You knew the following spells:

 Your Spells              Type           Power      Damage    Failure   Level
a - Blink                 Tloc           18%        N/A       100%        2

Your spell library contained the following spells:

 Spells                   Type           Power      Damage    Failure   Level
 Summon Small Mammal      Summ           4%         N/A       100%        1
 Ensorcelled Hibernation  Hex/Ice        2%         N/A       100%        2
 Lesser Beckoning         Tloc           18%        N/A       100%        2
 Call Canine Familiar     Summ           1%         N/A       100%        3
 Passwall                 Erth           1%         N/A       100%        3
 Swiftness                Air            1%         N/A       100%        3
 Teleport Other           Tloc           9%         N/A       100%        3
 Manifold Assault         Tloc           9%         N/A       100%        4
 Summon Blazeheart Golem  Fire/Summ      1%         N/A       100%        4
 Vhi's Electric Charge    Tloc/Air       10%        N/A       100%        4


Dungeon Overview and Level Annotations

Branches:
Dungeon (4/15) Zot: 21560
 Temple: D:4-7

Altars:
Sif Muna
Uskayaw
Xom
Zin


Innate Abilities, Weirdness & Mutations

You have extremely sharp teeth.
Your natural rate of healing is unusually fast.
When hurt, damage is shared between your health and your magic reserves.
Your bite disrupts and absorbs the magic of your enemies.
Potions cannot restore your health.


Message History

You hit the black bear.
The black bear is almost dead.
The black bear goes berserk!
You hit the black bear.
The black bear is almost dead.
The black bear bites you.
The black bear claws you but does no damage. x2
Edmund hits you with a +6 dire flail of venom.
You are poisoned.
You closely miss the black bear. You bite the black bear.
You kill the black bear!
You feel sick.
Uskayaw will force your foes to helplessly watch your dance.
Uskayaw prepares the audience for your solo!
The helpless Edmund fails to defend himself.
You impale Edmund!!
You feel better.
Edmund is heavily wounded.
You feel sick.
Edmund is no longer paralysed.
Edmund hits you with a +6 dire flail of venom!
You are lethally poisoned!
Uskayaw prepares the audience for your solo!
The helpless Edmund fails to defend himself.
You impale Edmund!!
You feel better.
Edmund is almost dead.
You feel very sick.
Edmund is no longer paralysed.
A gnoll comes into view. It is wielding a +0 spear.
Edmund hits you with a +6 dire flail of venom!
You are more poisoned.
Uskayaw will force your foes to share their pain.
Uskayaw links your audience in an emotional bond!
You hit Edmund.
You feel better.
You kill Edmund!
* * * LOW HITPOINT WARNING * * *
You feel extremely sick.
You have reached level 7!
* * * LOW HITPOINT WARNING * * *
You feel very sick.
You climb upwards.
You die...

....#.#.#.......#
.##...#.##.###########
.##.###.##.....#.....#
.##.........#..#.....#
.#######.##.####.....#
.#...#....#..........#
.....#.#..######.#######
##.###.#..######.......#
#.....###....<.@#####.#
#..######+####.#### #.#
##.................# #.#
...)...##.......##.###.###
..._....#...######.#...#.#
.#####..#...# #....#.#...#
.#...#..#...# #.####.#.#.#
.#...#......# #.##.#.#.#.#
.#..)#.[....# #....#.#.#.#


There were no monsters in sight!

Vanquished Creatures
  Edmund (D:4)
  A black bear (D:4)
  A phantom (D:3)
  2 orc wizards (D:3)
  Robin (D:2)
  2 adders (D:3)
  3 dart slugs (D:1)
  A ribbon worm (D:2)
  2 orcs (D:3)
  4 endoplasms
  4 giant cockroaches
  13 goblins
  9 hobgoblins
  11 jackals
  2 quokkas
  4 ball pythons
  2 bats (D:1)
  2 frilled lizards
  2 kobolds
  9 rats
76 creatures vanquished.

Vanquished Creatures (others)
  An angel (D:3)
1 creature vanquished.

Grand Total: 77 creatures vanquished

Notes
Turn   | Place    | Note
-------+----------+-------------------------------------------
     0 | D:1      | dorian the Vine Stalker Warper began the quest for the Orb.
     0 | D:1      | Reached XP level 1. HP: 11/11 MP: 4/4
    72 | D:1      | Reached skill level 2 in Short Blades
   187 | D:1      | Reached skill level 1 in Armour
   187 | D:1      | Reached XP level 2. HP: 15/15 MP: 6/6
   195 | D:1      | Learned a level 2 spell: Blink
   450 | D:1      | Reached XP level 3. HP: 17/18 MP: 4/7
   756 | D:1      | Identified a scroll of acquirement
   756 | D:1      | Acquired the +1 plate armour "Kunuruud" {Slay+6}
  1052 | D:2      | Noticed Robin
  1064 | D:2      | Killed Robin
  1065 | D:2      | Reached XP level 4. HP: 7/23 MP: 4/8
  1619 | D:3      | Found a shimmering altar of Xom.
  1619 | D:3      | Noticed an angel
  1623 | D:3      | Found a glowing silver altar of Zin.
  1673 | D:3      | Reached skill level 3 in Short Blades
  1719 | D:3      | Found a shimmering blue altar of Sif Muna.
  1825 | D:3      | Reached XP level 5. HP: 17/27 MP: 4/9
  1907 | D:3      | Killed an angel
  1921 | D:3      | Found a hide-covered altar of Uskayaw.
  1932 | D:3      | Found a faded altar of an unknown god.
  1940 | D:3      | Became a worshipper of Uskayaw the Reveller
  2003 | D:3      | Reached * piety under Uskayaw
  2037 | D:3      | Noticed a phantom
  2042 | D:3      | Reached ** piety under Uskayaw
  2046 | D:3      | Killed a phantom
  2046 | D:3      | Reached *** piety under Uskayaw
  2047 | D:3      | Reached skill level 4 in Short Blades
  2047 | D:3      | Reached XP level 6. HP: 32/32 MP: 10/10
  2453 | D:4      | Noticed a black bear
  2455 | D:4      | Noticed Edmund
  2461 | D:4      | Killed a black bear
  2463 | D:4      | Reached **** piety under Uskayaw
  2464 | D:4      | Killed Edmund
  2465 | D:4      | Reached XP level 7. HP: 6/36 MP: 3/11
  2465 | D:4      | HP: 1/36 [poisoned by Edmund]
  2466 | D:3      | Succumbed to Edmund's poison

Illustrated notes

Levels and vault maps discovered:
D:1:      shiori_shiawase, layout_loops_ring, minmay_split_cup_large
D:2:      layout_loops_corners, uniq_robin
D:3:      layout_basic, mainiacjoe_overflow_24_doors,
          nicolae_sif_muna_condensation,
          grunt_temple_overflow_order_and_chaos_1,
          ebering_ecumenical_altar_mist, minmay_misc_feat_rugged
D:4:      layout_basic, grunt_temple_overflow_growth_and_decay,
          mainiacjoe_overflow_concentric_impassable, bloody_trog,
          gammafunk_ghost_split, grunt_ministairs_6, uniq_edmund

Skill      XL: |  1  2  3  4  5 |
---------------+----------------+-----
Short Blades   | 2 3 4 |  4.7
Armour         | 1 2 |  2.8
Fighting       | 2 3 |  3.5
Dodging        | 2 |  2.0
Throwing       | |  0.8
Spellcasting   | |  2.1
Translocations | |  3.0

Action                     |  1- 3 |  4- 6 |  7- 9 || total
---------------------------+-------+-------+-------++-------
  Melee: Short sword       |   116 |    49 |       ||   165
         Bite              |    26 |    17 |       ||    43
         Punch             |     2 |       |       ||     2
         Dagger            |       |    21 |       ||    21
    Use: Scroll            |     4 |     7 |       ||    11
   Stab: Paralysed         |       |     4 |       ||     4
 Armour: Leather armour    |    51 |       |       ||    51
         Plate armour      |    22 |    50 |       ||    72
  Dodge: Dodged            |    61 |     7 |       ||    68
